 Dungeon Crawl Stone Soup version 0.17.0-24-gcfadda4 (webtiles) character file.

9290 tp1 the Destroyer (level 11, -3/54 HPs)
             Began as a Deep Elf Conjurer on Nov 15, 2015.
             Was a High Priest of Vehumet.
             Slain by a porcupine (15 damage)
             ... on level 10 of the Dungeon.
             The game lasted 01:12:15 (11760 turns).

tp1 the Destroyer (Deep Elf Conjurer)              Turns: 11760, Time: 01:12:16

Health: -3/54      AC:  3    Str:  5    XL:     11   Next: 21%
Magic:  12/29      EV: 13    Int: 24    God:    Vehumet [*****.]
Gold:   553        SH:  5    Dex: 15    Spells: 7 memorised, 14 levels left

rFire  . . .     SeeInvis +     Q - staff of conjuration
rCold  . . .     Clarity  +     A - +0 robe {MR+}
rNeg   + . .     SustAt   .     Y - +0 buckler {rN+}
rPois  .         Gourm    .     (no helmet)
rElec  .         Spirit   .     F - +0 cloak
rCorr  .         Warding  .     (no gloves)
rMut   .         Stasis   .     (no boots)
MR     ++...                    e - amulet of clarity
Stlth  +++.......               (no ring)
                                o - ring of see invisible (curse)

@: very slightly contaminated, very resistant to hostile enchantments, fairly
stealthy
A: camouflage 1
a: Renounce Religion


You were on level 10 of the Dungeon.
You worshipped Vehumet.
Vehumet was extremely pleased with you.
You were hungry.

You visited 3 branches of the dungeon, and saw 12 of its levels.
You also visited: Sewer.

You collected 953 gold pieces.
You spent 400 gold pieces at shops.

Inventory:

Hand Weapons
 q - a +1 quarterstaff of crushing
Armour
 d - a +2 leather armour of fire resistance
 i - a +2 leather armour of poison resistance
 l - a +0 robe of fire resistance
 m - a +0 leather armour
 A - a +0 robe of magic resistance (worn)
 F - a +0 cloak (worn)
 T - a +2 robe of magic resistance
 Y - a +0 buckler of positive energy (worn)
Magical Staves
 D - an uncursed staff of summoning
 Q - an uncursed staff of conjuration (weapon)
Jewellery
 e - an amulet of clarity (around neck)
 n - an uncursed amulet of stasis
 o - a cursed ring of see invisible (left hand)
Wands
 p - a wand of paralysis (5)
 y - a wand of draining (5)
Scrolls
 h - 5 scrolls of remove curse
 s - a scroll of enchant weapon
 t - 2 scrolls of teleportation
 w - 5 scrolls of fog
 x - a scroll of recharging
 C - a scroll of amnesia
 E - a scroll of blinking
 G - 2 scrolls of magic mapping
 H - 3 scrolls of immolation
 P - a scroll of summoning
 R - a scroll of enchant armour
Potions
 f - a potion of agility
 g - a potion of resistance
 r - 5 potions of curing
 u - 2 potions of degeneration
 v - 3 potions of poison
 z - 2 potions of invisibility
 L - a potion of flight
 M - 2 potions of might
 O - a potion of magic
 U - a potion of haste
Books
 b - a book of Conjurations

   Spells                             Type                      Level
   a - Magic Dart                     Conjuration                  1
   b - Searing Ray                    Conjuration                  2
   c - Dazzling Spray                 Conjuration/Hexes            3
   d - Fulminant Prism                Conjuration/Hexes            4
   e - Iskenderun's Mystic Blast      Conjuration                  4
   f - Iskenderun's Battlesphere      Conjuration/Charms           5
 W - an Akashic Record

   Spells                             Type                      Level
   a - Dispersal                      Translocation                6
   b - Malign Gateway                 Summoning/Translocation      7
   c - Disjunction                    Translocation                8
   d - Controlled Blink               Translocation                8
Comestibles
 c - 10 bread rations
 j - 8 meat rations
 k - 2 slices of pizza
 B - 6 fruits
 J - 4 royal jellies


   Skills:
 - Level 2.4 Dodging
 - Level 2.4 Stealth
 + Level 4.5 Shields
 - Level 12.5 Spellcasting
 - Level 12.6 Conjurations
 - Level 11.1 Charms


You had 14 spell levels left.
You knew the following spells:

 Your Spells              Type           Power        Failure   Level  Hunger
a - Magic Dart            Conj           ####         1%          1    None
b - Searing Ray           Conj           ######       1%          2    None
c - Conjure Flame         Conj/Fire      ######..     1%          3    None
d - Iskenderun's Battles  Conj/Chrm      #######.     1%          5    ###....
e - Static Discharge      Conj/Air       ######..     1%          3    None
f - Ignite Poison         Fire/Trmt/Pois ###.....     4%          3    None
g - Force Lance           Conj/Tloc      ######..     1%          4    None


Dungeon Overview and Level Annotations

Branches:
Dungeon (10/15)            Temple (1/1) D:4            Lair (1/8) D:10
    Orc: D:9-12

Altars:
Ashenzari
Dithmenos
Elyvilon
Fedhas
Gozag
Kikubaaqudgha
Makhleb
Nemelex Xobeh
Okawaru
Qazlal
Ru
Sif Muna
Trog
Vehumet
Yredelemnul
The Shining One

Shops:
D:6 !   D:8 [


Innate Abilities, Weirdness & Mutations

Your skin changes colour to match your surroundings (Stealth).


Message History

As you read the scroll of blinking, it crumbles to dust.
A porcupine, a crocodile and 2 orcs come into view.
The orc shouts! x2
You hear a shout! x2
Found a glowing hat, 11 gold pieces and a leather armour.
Unknown command.
You climb downwards.
Welcome to the Lair of Beasts!
Your battlesphere wavers and loses cohesion.
A hydra and a black bear come into view.
There is a staircase back to the Dungeon here.
A komodo dragon and 8 river rats come into view.
The black bear growls angrily.
The river rat moves out of view.
The black bear moves out of view.
The eight-headed hydra roars!
There is a staircase back to the Dungeon here.
You can't go down here!
You climb upwards.
Welcome back to the Dungeon!
A river rat comes into view.
The porcupine bites you!
You die...

..........####
.$..P.......r
............♣##
......♣.....P.#
...P...P.....P#
.......P.o.....
.....[.r.P...P.
..P..♣o@..t....
...†.Y.♣..P....
.....P.........
#####††!..†...P....
#........r....P.... ..
#.*†..r......PP....
...###....†#..P.....P...
...........†?#.. ♣....[.
......./..†..#


You could see a crocodile, 2 porcupines, a sheep, 2 river rats and 2 orcs.

Vanquished Creatures
  Erolcha (D:8)
  A hydra (D:8)
  Erica (D:8)
  The ghost of chonchonts the Cleaver, a novice MiFi of Okawaru (D:8)
  Pikel (D:5)
  Joseph (D:8)
  Psyche (D:8)
  Grinder (D:5)
  A wyvern (D:8)
  A human (D:4)
  5 yaks (D:9)
  A spriggan (D:7)
  Edmund (D:5)
  4 porcupines (D:10)
  2 sky beasts
  4 slaves (D:5)
  3 phantoms
  2 ogres
  2 centaurs (D:8)
  2 orc warriors
  An eye of draining (D:9)
  4 crocodiles (D:10)
  A big kobold (D:7)
  7 giant frogs
  A gnoll sergeant (D:8)
  A wyvern skeleton (D:7)
  A scorpion (D:9)
  4 crimson imps
  A centaur zombie (D:5)
  An iguana (D:7)
  Crazy Yiuf (D:5)
  2 giant frog skeletons
  7 orc wizards
  6 orc priests
  8 worker ants
  5 hounds
  7 sheep (D:10)
  A hound skeleton (D:4)
  6 gnolls
  24 adders
  A river rat (D:10)
  A shadow imp (D:7)
  15 oozes (Sewer)
  An adder zombie (D:8)
  2 adder skeletons
  15 giant geckos
  47 orcs
  13 giant cockroaches
  8 goblins
  10 hobgoblins
  7 jackals
  4 quokkas
  15 ball pythons
  9 bats
  A giant gecko skeleton (D:6)
  A giant gecko zombie (D:5)
  10 giant newts
  A goblin skeleton (D:4)
  A goblin zombie (D:4)
  15 kobolds
  A quokka zombie (D:6)
  5 rats
  A plant (D:10)
309 creatures vanquished.

Vanquished Creatures (others)
  A giant gecko (D:5)
  A giant newt (D:5)
2 creatures vanquished.

Grand Total: 311 creatures vanquished

Notes
Turn   | Place    | Note
--------------------------------------------------------------
     0 | D:1      | tp1 the Deep Elf Conjurer began the quest for the Orb.
     0 | D:1      | Reached XP level 1. HP: 10/10 MP: 6/6
   187 | D:1      | Reached XP level 2. HP: 6/15 MP: 0/8
   384 | D:1      | Reached skill level 5 in Conjurations
  1139 | D:2      | Reached XP level 3. HP: 16/19 MP: 6/9
  1201 | D:2      | Learned a level 2 spell: Searing Ray
  1432 | D:2      | Reached skill level 6 in Conjurations
  1572 | D:2      | Reached XP level 4. HP: 22/24 MP: 8/11
  1724 | D:2      | Found an iron altar of Okawaru.
  2825 | D:3      | Reached skill level 5 in Spellcasting
  2832 | D:3      | Reached XP level 5. HP: 16/28 MP: 5/14
  3200 | D:3      | Learned a level 5 spell: Iskenderun's Battlesphere
  3282 | D:4      | Found an ancient bone altar of Kikubaaqudgha.
  3527 | D:4      | Found a staircase to the Ecumenical Temple.
  3534 | Temple   | Entered the Ecumenical Temple
  3551 | Temple   | Became a worshipper of Vehumet
  3602 | D:4      | Found a burning altar of Makhleb.
  3607 | D:4      | Reached skill level 1 in Charms
  3687 | D:4      | Reached XP level 6. HP: 32/32 MP: 12/17
  3699 | D:4      | Found a shattered altar of Ashenzari.
  3797 | D:4      | Found a runed door.
  3797 | D:4      | Noticed a human
  3798 | D:4      | Found a basalt altar of Yredelemnul.
  3844 | D:4      | Killed a human
  3844 | D:4      | Reached skill level 5 in Charms
  4066 | D:4      | Found a staircase to the Ecumenical Temple.
  4099 | D:4      | Found a burning altar of Makhleb.
  4153 | D:4      | Found a shattered altar of Ashenzari.
  4284 | D:4      | Found a basalt altar of Yredelemnul.
  4383 | D:4      | Noticed a phantom
  4391 | D:4      | Killed a phantom
  4391 | D:4      | Reached XP level 7. HP: 33/36 MP: 7/18
  4498 | D:4      | Found an ancient bone altar of Kikubaaqudgha.
  4668 | D:5      | Entered Level 5 of the Dungeon
  4675 | D:5      | Reached skill level 7 in Charms
  4676 | D:5      | Noticed Grinder
  4682 | D:5      | Killed Grinder
  4682 | D:5      | Reached skill level 8 in Charms
  4920 | D:5      | Found a glowing drain.
  4928 | Sewer    | Entered a sewer
  4931 | Sewer    | Reached skill level 9 in Charms
  5034 | Sewer    | Reached * piety under Vehumet
  5034 | Sewer    | Offered knowledge of Freeze by Vehumet.
  5419 | Sewer    | Reached ** piety under Vehumet
  5425 | Sewer    | Offered knowledge of Sting by Vehumet.
  5505 | Sewer    | Reached XP level 8. HP: 41/41 MP: 8/19
  5982 | D:5      | Noticed Pikel
  5994 | D:5      | Killed Pikel
  6045 | D:5      | Noticed Crazy Yiuf
  6207 | D:5      | Killed Crazy Yiuf
  6305 | D:5      | Found a blossoming altar of Fedhas.
  6321 | D:5      | Gained mutation: You are dopey. (Int -2) [mutagenic meat]
  6322 | D:5      | Gained mutation: You are partially covered in iridescent scales (AC +4). [mutagenic meat]
  6323 | D:5      | Gained mutation: You are weak. (Str -2) [mutagenic meat]
  6326 | D:5      | Gained mutation: You are frail (-10% HP). [mutagenic meat]
  6327 | D:5      | Gained mutation: You can spit weak poison. [mutagenic meat]
  6465 | D:5      | Reached skill level 10 in Conjurations
  6478 | D:5      | Noticed Edmund
  6489 | D:5      | Killed Edmund
  6759 | D:5      | Offered knowledge of Static Discharge by Vehumet.
  6765 | D:5      | Learned a level 3 spell: Static Discharge
  7253 | D:6      | Reached XP level 9. HP: 40/40 MP: 16/21
  7304 | D:6      | Found Xeakhenom's Distillery.
  7322 | D:6      | Reached *** piety under Vehumet
  7353 | D:6      | Bought a potion of flight for 36 gold pieces
  7353 | D:6      | Bought a potion of might for 48 gold pieces
  7353 | D:6      | Bought a potion of heal wounds for 60 gold pieces
  7353 | D:6      | Bought a potion of magic for 96 gold pieces
  7353 | D:6      | Bought a potion of mutation for 30 gold pieces
  7475 | D:6      | Gained mutation: You regenerate slowly when monsters are visible. [potion of mutation]
  7475 | D:6      | Lost mutation: You are partially covered in iridescent scales (AC +4). [potion of mutation]
  7475 | D:6      | Gained mutation: Your skin changes colour to match your surroundings (Stealth). [potion of mutation]
  7477 | D:6      | Gained mutation: You are clumsy. (Dex -2) [potion of mutation]
  7477 | D:6      | Lost mutation: You are weak. (Str -2) [potion of mutation]
  7522 | D:6      | Found a shattered altar of Ashenzari.
  7655 | D:6      | Found a sparkling altar of Nemelex Xobeh.
  8031 | D:7      | Offered knowledge of Conjure Flame by Vehumet.
  8036 | D:7      | Learned a level 3 spell: Conjure Flame
  8325 | D:7      | Found a sacrificial altar of Ru.
  8424 | D:7      | Reached skill level 10 in Spellcasting
  8510 | D:8      | Noticed Erica
  8510 | D:8      | Noticed chonchonts's ghost (novice MiFi)
  8618 | D:7      | Found a sacrificial altar of Ru.
  8908 | D:8      | Killed chonchonts's ghost
  8908 | D:8      | Reached **** piety under Vehumet
  8908 | D:8      | Reached skill level 12 in Spellcasting
  9046 | D:8      | Killed Erica
  9046 | D:8      | Reached skill level 10 in Charms
  9046 | D:8      | Reached XP level 10. HP: 38/45 MP: 21/28
  9089 | D:8      | Noticed Joseph
  9729 | D:8      | Killed Joseph
  9868 | D:8      | Noticed Erolcha
  9873 | D:8      | Killed Erolcha
  9892 | D:8      | Noticed Psyche
  9896 | D:8      | Killed Psyche
  9905 | D:8      | Found a sacrificial altar of Ru.
  9907 | D:8      | Offered knowledge of Ignite Poison by Vehumet.
  9912 | D:8      | Learned a level 3 spell: Ignite Poison
  9939 | D:8      | Noticed an eight-headed hydra
  9945 | D:8      | Killed an eight-headed hydra
 10097 | D:8      | Found Exezunk's Antique Armour Emporium.
 10108 | D:8      | Bought a glowing buckler for 130 gold pieces
 10179 | D:8      | Lost mutation: You regenerate slowly when monsters are visible. [mutagenic meat]
 10492 | D:9      | Found a bloodstained altar of Trog.
 10539 | D:9      | Found a stormy altar of Qazlal.
 10821 | D:9      | Reached skill level 1 in Shields
 10932 | D:9      | Lost mutation: You are frail (-10% HP). [potion of cure mutation]
 10932 | D:9      | Lost mutation: You are clumsy. (Dex -2) [potion of cure mutation]
 10932 | D:9      | Lost mutation: You are dopey. (Int -2) [potion of cure mutation]
 10932 | D:9      | Lost mutation: You can spit weak poison. [potion of cure mutation]
 11052 | D:9      | Reached ***** piety under Vehumet
 11348 | D:9      | Reached XP level 11. HP: 44/54 MP: 18/29
 11538 | D:9      | Offered knowledge of Force Lance by Vehumet.
 11544 | D:9      | Learned a level 4 spell: Force Lance
 11625 | D:10     | Entered Level 10 of the Dungeon
 11625 | D:10     | Found a staircase to the Lair.
 11752 | D:10     | HP: 2/54 [river rat (4)]
 11756 | Lair:1   | Entered Level 1 of the Lair of Beasts
 11756 | Lair:1   | Noticed an eight-headed hydra
 11760 | D:10     | Slain by a porcupine

Action                   |  1- 3 |  4- 6 |  7- 9 | 10-12 || total
-------------------------+-------+-------+-------+-------++-------
Melee: Club              |     8 |       |       |       ||     8
       Unarmed           |     1 |       |       |       ||     1
       Quarterstaff      |       |       |     4 |       ||     4
 Cast: Magic Dart        |    64 |    86 |   176 |   131 ||   457
       Searing Ray       |     2 |    17 |    20 |     2 ||    41
       Iskenderun's Batt |       |     1 |    49 |    34 ||    84
       Conjure Flame     |       |       |     1 |     7 ||     8
  Use: Scroll            |       |     3 |     6 |    10 ||    19
       Potion            |       |       |    10 |     4 ||    14
  Eat: Chunk             |     2 |     8 |    27 |    10 ||    47
       Meat ration       |       |       |     1 |       ||     1
       Bread ration      |       |       |       |     1 ||     1
